 Dungeon Crawl Stone Soup version 0.28.0 (webtiles) character file.

Game seed: 16322750755885250693

251 GrayStillPlays the Shield-Bearer (level 6, -3/33 HPs)
             Began as a Vine Stalker Fighter on Feb 7, 2022.
             Killed by divine providence
             ... invoked by an orc priest
              (8 damage)
             ... on level 4 of the Dungeon.
             The game lasted 00:03:45 (2570 turns).

GrayStillPlays the Shield-Bearer (VSFi)             Turns: 2570, Time: 00:03:46

Health: -3/33      AC:  6    Str: 18    XL:     6   Next: 13%
Magic:  0/10       EV:  9    Int: 10    God:
Gold:   139        SH:  5    Dex: 14    Spells: 9/9 levels left

rFire   . . .      SeeInvis .   a - +0 war axe {axe}
rCold   . . .      Faith    .   c - +0 buckler
rNeg    . . .      Spirit   +   b - +0 scale mail
rPois   .          Reflect  .   (no helmet)
rElec   .          Harm     .   (no cloak)
rCorr   .          Rampage  .   (no gloves)
Will    .....                   (no boots)
Stlth   ..........              (no amulet)
HPRegen 0.91/turn               (no ring)
MPRegen 0.12/turn               (no ring)

@: lethally poisoned (-3 -> -10)
A: fangs 2, regeneration 1, magic shield, antimagic bite, no potion heal 2
a: no special abilities


You were on level 4 of the Dungeon.
You visited 1 branch of the dungeon, and saw 4 of its levels.

You collected 139 gold pieces.


Innate Abilities, Weirdness & Mutations

You have extremely sharp teeth.
Your natural rate of healing is unusually fast.
When hurt, damage is shared between your health and your magic reserves.
Your bite disrupts and absorbs the magic of your enemies.
Potions cannot restore your health.


   Skills:
 + Level 3.7 Fighting
 - Level 2.3 Axes
 + Level 3.3 Armour
 + Level 3.7 Shields
 + Level 2.4 Spellcasting


You had 9 spell levels left.
You didn't know any spells.
Your spell library contained the following spells:

 Spells                   Type           Power      Damage    Failure   Level
 Pain                     Necr           4%         1d4       77%         1
 Sandblast                Erth           2%         2d4       77%         1
 Passwall                 Tmut/Erth      0%         N/A       88%         2
 Stone Arrow              Conj/Erth      2%         3d7       98%         3
 Agony                    Necr           1%         N/A       100%        5
 Excruciating Wounds      Necr           0%         N/A       100%        5

Inventory:

Hand Weapons
 a - a +0 war axe (weapon) {axe}
Missiles
 e - 32 arrows
 g - 63 stones (quivered) {throwing}
 k - 32 sling bullets
Armour
 b - a +0 scale mail (worn)
 c - a +0 buckler (worn)
Magical Staves
 j - a staff of air {!astaff}
   (You found it on level 1 of the Dungeon)
Scrolls
 f - a scroll of blinking {unknown}
 h - a scroll of teleportation {unknown}
 i - a scroll of torment {unknown}
 l - a scroll of identify {unknown}
 m - a scroll of vulnerability {unknown}
 p - a scroll of holy word {unknown}
Potions
 d - a potion of might
 n - 2 potions of resistance {unknown}
 o - a potion of degeneration {unknown}
 q - a potion of lignification {unknown}

Dungeon Overview and Level Annotations

Branches:
Dungeon (4/15)
 Temple: D:4-7

Altars:
Kikubaaqudgha

Shops:
D:2 (   D:3 :

Annotations:
D:3 Sigmund

.......o...................
......s....................
.......l.o.................
####.......................
#..<..o.................
#.#.[.#o#.#######..#####
#.#.###l#.# ##># # #. #o#.#
#)# #. #@#.# #.# #. #.#.#
#.# #.#.# #.# #.....#.# #.#
####### #.# #.# #.# #.# #.#


You could see an iguana, an orc priest and 3 orcs.


Message History

You barely miss the hound. Your bite misses the hound.
The hound barely misses you. The hound closely misses you.
You barely miss the hound. You block the hound's attack.
The hound bites you but does no damage.
You barely miss the hound. The hound closely misses you.
The hound barely misses you.
You miss the hound. Your bite misses the hound.
The hound bites you but does no damage. x2
You hit the hound. You bite the hound. You drain its power.
The hound bites you.
The hound bites you but does no damage. 😕 HP[-1]
You take 1 damage, and now have 27/28 hp.
You hit the hound but do no damage. You bite the hound, but do no damage.
The hound barely misses you. The hound bites you. x2 😕 HP[-3] MP[-1]
You take 3 damage, and now have 24/28 hp.
You lost 1 mp, and now have 8/9 mp.
You hit the hound but do no damage. You bite the hound. You drain its power.
You feel invigorated. The hound bites you. x2 😮 HP[-3] MP[-1]
You take 3 damage, and now have 21/28 hp.
You lost 1 mp, and now have 7/9 mp.
You are too injured to fight recklessly!
You are too injured to fight recklessly!
You are too injured to fight recklessly!
You are too injured to fight recklessly!
You are too injured to fight recklessly!
You slash the hound!
You kill the hound! 😕 HP[+1]
You see here a hound corpse. 😕 HP[+1]
An iguana comes into view.
The iguana hisses angrily.
You hear a shout!
An orc comes into view. It is wielding a +0 hand axe.
A scorpion comes into view. 😎 HP[+5] MP[+2]
Your hp is fully restored (28).
Your mp is fully restored (9).
There are monsters nearby!
An orc priest and a quokka come into view.
The orc priest shouts!
The orc shouts!
You hear a shout!
An orc comes into view. It is wielding a +0 short sword.
The orc priest casts a cantrip, but nothing happens.
You hear a shout!
You see here a hound corpse.
The quokka bites you but does no damage.
The quokka barely misses you.
You slash the quokka!
You kill the quokka!
You slash the orc!
You kill the orc!
An orc comes into view. It is wielding a +0 hand axe.
You barely miss the scorpion. Your bite misses the scorpion.
The scorpion completely misses you. The scorpion misses you.
You closely miss the scorpion. The scorpion stings you.
The scorpion stings you but does no damage. 😕 HP[-4]
You take 4 damage, and now have 24/28 hp.
You hit the scorpion.
You bite the scorpion, but do no damage.
The scorpion stings you. 😕 HP[-2] MP[-1]
You take 2 damage, and now have 22/28 hp.
You lost 1 mp, and now have 8/9 mp.
You closely miss the scorpion. You bite the scorpion. You drain its power.
You feel invigorated. You block the scorpion's attack.
The scorpion completely misses you. 😕 HP[+1] MP[+1]
Your mp is fully restored (9).
You barely miss the scorpion. You bite the scorpion. You drain its power.
The scorpion stings you.
You are poisoned.
The scorpion poisons you! The scorpion stings you.
You are more poisoned.
The scorpion poisons you! 😕 HP[-1] MP[-1]
You take 1 damage, and now have 22/28 hp.
You lost 1 mp, and now have 8/9 mp.
You slash the scorpion!
You kill the scorpion!
You feel extremely sick.
An orc comes into view. It is wielding a +0 whip.
The orc priest calls down the wrath of Beogh upon you.
Beogh smites you!
* * * LOW HITPOINT WARNING * * *
You have reached level 6! 😨 HP[-11] MP[-3]
You now have 33 max hp (+5).
You take 11 damage, and now have 11/33 hp.
MASSIVE DAMAGE!! (PAUSE)
You lost 3 mp, and now have 5/10 mp.
You closely miss the orc.
* * * LOW HITPOINT WARNING * * *
You feel very sick.
The orc shouts!
The orc hits you with a +0 short sword.
* * * LOW HITPOINT WARNING * * *
The orc priest invokes the aid of Beogh against you.
Beogh smites you!
You die...

Skill      XL: |  1  2  3  4 |
---------------+-------------+-----
Axes           | 2 |  2.3
Spellcasting   | 1 2 |  2.4
Fighting       | 3 |  3.7
Shields        | 3 |  3.7
Armour         | 3 |  3.3

Action                   |  1- 3 |  4- 6 || total
-------------------------+-------+-------++-------
Melee: War axe           |    71 |    73 ||   144
       Bite              |    12 |    15 ||    27
Armor: Scale mail        |    33 |    39 ||    72
Dodge: Dodged            |    35 |    46 ||    81
Block: Buckler           |    10 |    14 ||    24

Levels and vault maps discovered:
D:1:      wander_arrival_abandoned_jail, layout_basic,
          nicolae_concentric_dashed_squares_wild
D:2:      layout_loops_ring, serial_shops, nicolae_shop_advertising_works
          [nicolae_subvault_shop_adworks], grunt_ministairs_4, uniq_terence
D:3:      layout_basic, nicolae_qazlal_style_of_elements,
          nicolae_overflow_crystal_walls, serial_shops, nicolae_shop_crystal,
          uniq_sigmund
D:4:      layout_basic, nicolae_gozag_cash_rules_everything_around_me,
          uniq_pikel, uniq_crazy_yiuf_cottage

Notes
Turn   | Place    | Note
-------+----------+-------------------------------------------
     0 | D:1      | GrayStillPlays the Vine Stalker Fighter began the quest for
                  | the Orb.
     0 | D:1      | Reached XP level 1. HP: 11/11 MP: 2/2
     0 | D:1      | magus.rc [v1.9.6]
   185 | D:1      | Reached XP level 2. HP: 16/16 MP: 3/3
   310 | D:1      | Reached skill level 2 in Axes
   840 | D:1      | Reached XP level 3. HP: 19/19 MP: 5/5
  1100 | D:2      | Reached skill level 1 in Spellcasting
  1148 | D:2      | You pick up a book of Pain and begin reading...
  1148 | D:2      | You add the spells Pain, Agony and Excruciating Wounds to
                  | your library.
  1183 | D:2      | Found Quiwint's Antique Weapon Emporium.
  1185 | D:2      | Noticed Terence
  1197 | D:2      | Killed Terence
  1198 | D:2      | Reached skill level 3 in Fighting
  1198 | D:2      | Reached skill level 3 in Shields
  1342 | D:2      | Gained mutation: Your natural rate of healing is unusually
                  | fast. [Vine Stalker growth]
  1342 | D:2      | Reached XP level 4. HP: 24/24 MP: 6/6
  1725 | D:2      | You pick up a book of Geomancy and begin reading...
  1725 | D:2      | You add the spells Sandblast, Passwall and Stone Arrow to
                  | your library.
  1959 | D:3      | Found Kytekh's Book Boutique.
  1960 | D:3      | Found an ancient bone altar of Kikubaaqudgha.
  2358 | D:3      | Noticed Sigmund
  2374 | D:4      | Noticed a phantom
  2392 | D:4      | Killed a phantom
  2393 | D:4      | Reached skill level 3 in Armour
  2393 | D:4      | Reached skill level 2 in Spellcasting
  2393 | D:4      | Reached XP level 5. HP: 20/28 MP: 5/9
  2570 | D:4      | Reached XP level 6. HP: 11/33 MP: 5/10
  2570 | D:4      | HP: 6/33 [poisoned by a scorpion]
  2570 | D:4      | Killed from afar by an orc priest

Vanquished Creatures
  A phantom (D:4)
  A scorpion (D:4)
  A hound (D:4)
  Terence (D:2)
  2 worms (D:2)
  A dart slug (D:1)
  3 orcs
  5 ball pythons
  3 endoplasms
  2 giant cockroaches
  5 goblins
  4 hobgoblins
  4 jackals (D:1)
  3 quokkas
  7 bats
  3 frilled lizards
  5 kobolds
  2 rats
53 creatures vanquished.

Table legend:
 A = Non-vault XP
 B = Vault XP
 C = Vault XP percentage of total XP
 D = Non-vault monster count
 E = Vault monster count
 F = Vault count percentage of total count
                 A         B        C        D         E       F
            +---------+---------+-------+---------+---------+-------
      Total |     322 |      37 |  10.3 |      51 |       2 |   3.8
            +---------+---------+-------+---------+---------+-------
        D:1 |      36 |       0 |   0.0 |      21 |       0 |   0.0
        D:2 |      25 |      37 |  59.7 |      11 |       2 |  15.4
        D:3 |      20 |       0 |   0.0 |      10 |       0 |   0.0
        D:4 |     241 |       0 |   0.0 |       9 |       0 |   0.0
            +---------+---------+-------+---------+---------+-------

Illustrated notes

Table legend:
 A = Kills in this place as a percentage of kills in entire the game.
 B = Kills by you in this place as a percentage of kills by you in the entire game.
 C = Kills by friends in this place as a percentage of kills by friends in the entire game.
 D = Other kills in this place as a percentage of other kills in the entire game.
 E = Experience gained in this place as a percentage of experience gained in the entire game.
 F = Experience gained in this place divided by the number of levels of this place that you have seen.
                   A       B       C       D       E      F
               +-------+-------+-------+-------+-------+----------------------
         Total | 100.0 | 100.0 |   N/A |   N/A | 100.0 |  89.8
       Dungeon | 100.0 | 100.0 |   N/A |   N/A | 100.0 |  89.8
               +-------+-------+-------+-------+-------+----------------------

Table legend: (Time is in decaauts)
 A = Elapsed time spent in this place.
 B = Non-inter-level travel time spent in this place.
 C = Inter-level travel time spent in this place.
 D = Time resting spent in this place.
 E = Time spent auto-exploring this place.
 F = Levels seen in this place.
 G = Mean time per level.
                   A        B        C        D        E       F      G
               +--------+--------+--------+--------+--------+-----+--------+
         Total |   2632 |   2550 |     82 |      0 |   2133 |   4 |  658.0 |
       Dungeon |   2632 |   2550 |     82 |      0 |   2133 |   4 |  658.0 |
               +--------+--------+--------+--------+--------+-----+--------+

Top non-repeatable levels by time:
     D:2: 1047 daAuts
     D:1: 947 daAuts
     D:3: 415 daAuts
     D:4: 221 daAuts
